 Dungeon Crawl Stone Soup version 0.26.1-2-gb8aa6d0cf2 (webtiles) character file.

Game seed: 1900129928031280632

1718 Gadfly the Wallflower (level 8, -8/61 HPs)
             Began as a Demonspawn Monk on Feb 11, 2021.
             Was a Believer of Uskayaw.
             Killed from afar by Maggie (29 damage)
             ... with a bolt of fire
             ... on level 6 of the Dungeon.
             The game lasted 00:11:40 (8600 turns).

Gadfly the Wallflower (Demonspawn Monk)             Turns: 8600, Time: 00:11:41

Health: -8/61      AC: 18    Str: 14      XL:     8   Next: 75%
Magic:  12/12      EV:  7    Int: 11      God:    Uskayaw [**....]
Gold:   358        SH:  0    Dex: 10 (16) Spells: 7/7 levels left

rFire    . . .     SeeInvis .   b - +0 hand axe (freeze)
rCold    . . .     Faith    .   (no shield)
rNeg     + . .     Spirit   .   r - +0 chain mail
rPois    .         Reflect  .   (no helmet)
rElec    .         Harm     .   (no cloak)
rCorr    .         Rampage  .   (no gloves)
Will     .....                  (no boots)
Stlth    ..........             (no amulet)
HPRegen  0.20/turn              q - ring of positive energy
MPRegen  0.13/turn              (no ring)

@: sanguine armour, mesmerised
A: hooves 1, demonic guardian 1, powered by pain 1, sanguine armour 2
a: Renounce Religion, Stomp, Line Pass


You were on level 6 of the Dungeon.
You worshipped Uskayaw.
Uskayaw was noncommittal.
You visited 1 branch of the dungeon, and saw 6 of its levels.

You collected 358 gold pieces.

Inventory:

Hand Weapons
 a - a +0 broad axe
 b - a +0 hand axe of freezing (weapon)
 f - a +0 war axe
 t - a +2 whip of freezing
Armour
 r - a +0 chain mail (worn)
Jewellery
 d - an uncursed ring of fire
 q - a ring of positive energy (left hand)
Wands
 m - a wand of iceblast (9)
Scrolls
 g - 5 scrolls of teleportation
 h - a scroll of remove curse
 j - a scroll of identify
 l - a scroll of fog
 n - a scroll of blinking {unknown}
 p - a scroll of noise {unknown}
Potions
 c - a potion of might
 e - a potion of heal wounds
 i - 4 potions of curing
 k - a potion of lignification
 o - a potion of haste
 s - a potion of degeneration {unknown}
 u - a potion of ambrosia {unknown}


   Skills:
 + Level 4.5 Fighting
 * Level 5.6 Axes
 + Level 5.1 Armour
 - Level 2.6 Dodging
 - Level 1.7 Stealth
 - Level 6.2 Invocations
 + Level 4.8 Evocations


You had 7 spell levels left.
You didn't know any spells.
Your spell library contained the following spells:

 Spells                   Type           Power        Failure   Level
 Animate Skeleton         Necr           0%           100%        1
 Apportation              Tloc           0%           100%        1
 Corona                   Hex            0%           100%        1
 Summon Small Mammal      Summ           0%           100%        1


Dungeon Overview and Level Annotations

Branches:
Dungeon (6/15)             Temple (0/1) D:5

Altars:
Ashenzari
Cheibriados
Elyvilon
Kikubaaqudgha
Nemelex Xobeh
Okawaru
Uskayaw
Wu Jian
Yredelemnul
The Shining One

Shops:
D:5 :

Annotations:
D:4 2 transporters, Hehehe's ghost, amateur DDFi
D:6 Maggie


Innate Abilities, Weirdness & Mutations

You have large cloven feet.
A weak demonic guardian rushes to your aid.
You sometimes gain a little power by taking damage.
When seriously injured, your bleeding wounds create thick armour. (AC +9)


Message History

You are too injured to fight recklessly!
You are too injured to fight recklessly!
Unknown command.
You are too injured to fight recklessly!
Unknown command.
You hit Maggie. You freeze Maggie.
Maggie is lightly wounded.
You barely miss the orc. The orc hits you but does no damage.
Your quasit bites Maggie.
Your quasit claws Maggie but does no damage. x2
Maggie gestures at you while chanting. The bolt of fire hits you.
You hit Maggie. You freeze Maggie. You kick Maggie, but do no damage.
Maggie is moderately wounded.
You closely miss the orc. The orc barely misses you.
Your quasit barely misses Maggie.
Your quasit claws Maggie but does no damage. x2
Maggie points at you and mumbles some strange words.
The bolt of fire hits you!!
You die...

.................
###.###.##.#######
## #......#
#......# #......#
#..†...# ##...5..#
..........#
#####...5@#
#...o@# #...5..
#....... ######...
.... ..... .>...>


You could see Maggie (mesmerising), an orc, a friendly iron imp (summoned) and 2
friendly quasits.

Vanquished Creatures
  Edmund (D:6)
  Duvessa (D:6)
  A sky beast (D:6)
  Dowan (D:6)
  A howler monkey (D:4)
  A centaur zombie (D:6)
  A quasit (D:6)
  A bullfrog skeleton (D:5)
  An orc priest (D:3)
  6 hounds
  A centaur skeleton (D:4)
  A gnoll shaman (D:6)
  A jelly (D:5)
  2 orc wizards
  A worker ant (D:5)
  A mummy (D:5)
  6 adders
  33 gnolls
  A howler monkey skeleton (D:5)
  2 white imps
  An ufetubus (D:5)
  An ooze (D:3)
  2 worms
  3 dart slugs
  3 leopard geckos
  12 orcs
  7 bats
  8 giant cockroaches
  14 goblins
  6 hobgoblins
  10 jackals
  A quokka (D:2)
  A ball python (D:5)
  4 frilled lizards
  A hobgoblin zombie (D:5)
  7 kobolds
  3 kobold zombies (D:5)
  6 rats
  3 toadstools (D:1)
157 creatures vanquished.

Vanquished Creatures (collateral kills)
  Prince Ribbit (D:6)
  An ogre (D:6)
  A scorpion (D:4)
  2 orc wizards
  2 gnoll shamans (D:6)
  A worker ant (D:5)
  8 gnolls (D:6)
  4 orcs
  2 jackals (D:4)
22 creatures vanquished.

Vanquished Creatures (others)
  8 plants
  A toadstool (D:1)
9 creatures vanquished.

Grand Total: 188 creatures vanquished

Notes
Turn   | Place    | Note
-------+----------+-------------------------------------------
     0 | D:1      | Gadfly the Demonspawn Monk began the quest for the Orb.
     0 | D:1      | Reached XP level 1. HP: 18/18 MP: 1/1
   352 | D:1      | Reached skill level 1 in Invocations
   353 | D:1      | Gained mutation: You sometimes gain a little power by
                  | taking damage. [demonic ancestry]
   353 | D:1      | Reached XP level 2. HP: 24/24 MP: 2/2
   428 | D:1      | Reached skill level 1 in Evocations
   655 | D:1      | Reached skill level 1 in Armour
   655 | D:1      | Gained mutation: When seriously injured, your bleeding
                  | wounds create armour. (AC +9) [demonic ancestry]
   655 | D:1      | Reached XP level 3. HP: 24/29 MP: 4/4
   966 | D:1      | Reached skill level 2 in Invocations
  1679 | D:2      | Gained mutation: A weak demonic guardian rushes to your
                  | aid. [demonic ancestry]
  1679 | D:2      | Reached XP level 4. HP: 21/35 MP: 5/5
  2250 | D:3      | Reached skill level 3 in Invocations
  2583 | D:3      | Gained mutation: When seriously injured, your bleeding
                  | wounds create thick armour. (AC +9) [demonic ancestry]
  2583 | D:3      | Reached XP level 5. HP: 32/41 MP: 7/7
  3005 | D:3      | Found a snail-covered altar of Cheibriados.
  3016 | D:3      | Found a white marble altar of Elyvilon.
  3018 | D:3      | Found an ancient bone altar of Kikubaaqudgha.
  3019 | D:3      | Found a basalt altar of Yredelemnul.
  3420 | D:4      | Found an iron altar of Okawaru.
  3680 | D:4      | Reached skill level 4 in Invocations
  3718 | D:4      | Reached XP level 6. HP: 46/47 MP: 9/9
  3719 | D:4      | Noticed a +0 dagger
  3720 | D:4      | Found a hide-covered altar of Uskayaw.
  3720 | D:4      | Noticed a +0 dagger
  3775 | D:4      | Found a broken altar of Ashenzari.
  3815 | D:4      | Became a worshipper of Uskayaw the Reveller
  3815 | D:4      | Reached * piety under Uskayaw
  3924 | D:4      | Reached ** piety under Uskayaw
  4169 | D:4      | Found a transporter.
  4169 | D:4      | Found a transporter.
  4179 | D:4      | Noticed Hehehe's ghost (amateur DDFi)
  4281 | D:4      | Found a glowing golden altar of the Shining One.
  4563 | D:5      | Entered Level 5 of the Dungeon
  4699 | D:5      | Reached *** piety under Uskayaw
  4716 | D:5      | Found a sparkling altar of Nemelex Xobeh.
  4765 | D:5      | Found a sparkling altar of Nemelex Xobeh.
  4806 | D:5      | Gained mutation: You have large cloven feet. [demonic
                  | ancestry]
  4806 | D:5      | Reached XP level 7. HP: 52/52 MP: 10/10
  4842 | D:5      | Found an ornate altar of the Wu Jian Council.
  5437 | D:5      | Found Qigex's Book Shop.
  5462 | D:5      | Found a staircase to the Ecumenical Temple.
  5880 | D:6      | Noticed Duvessa
  5881 | D:6      | Noticed Dowan
  5882 | D:6      | Reached skill level 5 in Invocations
  5885 | D:6      | Reached **** piety under Uskayaw
  5893 | D:6      | Reached ***** piety under Uskayaw
  5897 | D:6      | Killed Dowan
  5903 | D:6      | Killed Duvessa
  6330 | D:6      | Noticed Edmund
  6349 | D:6      | Killed Edmund
  6350 | D:6      | Reached XP level 8. HP: 22/60 MP: 12/12
  6573 | D:6      | Noticed Prince Ribbit
  6586 | D:6      | HP: 2/60 [Prince Ribbit (6)]
  6587 | D:6      | Killed Prince Ribbit
  6973 | D:6      | Reached skill level 5 in Axes
  7498 | D:6      | Reached skill level 6 in Invocations
  7508 | D:6      | Reached skill level 5 in Armour
  8593 | D:6      | Noticed Maggie
  8600 | D:6      | Killed from afar by Maggie

Illustrated notes

Levels and vault maps discovered:
D:1:      ldierk_walled_garden_2, layout_basic
D:2:      layout_basic, minmay_misc_feat_rows
D:3:      minmay_wonky_spiral, layout_basic, grunt_temple_overflow_open,
          chequers_serial_rivers_micro_d
D:4:      layout_loops_ring, dancing_weapons_uskayaw, okawaru_metal_pillars_1_2,
          nicolae_ashenzari_panopticon, tso_altar, gammafunk_ghost_gnarly_gnolls
D:5:      layout_basic, lemuel_coloured_pillars_altar,
          overflow_temple_1_default, minmay_temple_entry_fiery, serial_shops,
          nicolae_shop_behind_doors, basic_altar, minmay_mini_ossuary
D:6:      lemuel_castle_with_subvaults [lemuel_castle_interior_carwin_1],
          layout_rooms, fedhas_altar_4, uniq_maggie, uniq_eustachio,
          uniq_duvessa, uniq_prince_ribbit1, uniq_edmund

Skill      XL: |  1  2  3  4  5  6  7  8 |
---------------+-------------------------+-----
Invocations    | 1 2 3 4 5 6 |  6.2
Evocations     | 1 2 3 4 |  4.8
Armour         | 1 2 3 4 5 |  5.1
Axes           | 3 4 5 |  5.6
Fighting       | 4 |  4.5
Dodging        | |  2.6
Stealth        | |  1.7

Action                   |  1- 3 |  4- 6 |  7- 9 || total
-------------------------+-------+-------+-------++-------
Melee: Hand axe          |   156 |    71 |   344 ||   571
       War axe           |     6 |   129 |       ||   135
       Broad axe         |       |    15 |     4 ||    19
       Kick              |       |       |    66 ||    66
Invok: Stomp             |       |       |     2 ||     2
       Line Pass         |       |       |     1 ||     1
  Use: Scroll            |     1 |    10 |     2 ||    13
       Potion            |       |       |     2 ||     2
 Stab: Sleeping          |     4 |     1 |       ||     5
       Paralysed         |       |     1 |     9 ||    10
       Distracted        |       |     1 |     1 ||     2
Armor: Robe              |     4 |       |       ||     4
       Ring mail         |    62 |     7 |       ||    69
       Scale mail        |       |   104 |    51 ||   155
       Chain mail        |       |       |   197 ||   197
Dodge: Dodged            |   112 |   148 |   175 ||   435
